 Dungeon Crawl Stone Soup version 0.13-a0-2531-g2ad9301 (webtiles) character file.

119 Juliette the Digger (level 4, 0/24 HPs)
             Began as a Gargoyle Earth Elementalist on July 23, 2013.
             Slain by a jackal (2 damage)
             ... on Level 2 of the Dungeon on July 26, 2013.
             The game lasted 00:12:36 (2440 turns).

Juliette the Digger (Gargoyle Earth Elementalist)   Turns: 2440, Time: 00:12:36

HP   0/24        AC  8     Str 11      XL: 4   Next: 39%
MP   1/8         EV 12     Int 17      God:
Gold 39          SH  0     Dex 10      Spells:  2 memorised,  5 levels left

Res.Fire  : . . .   See Invis. : .   m - +2,+1 whip
Res.Cold  : . . .   Warding    : .   c - +0 robe
Life Prot.: + . .   Conserve   : .   (no shield)
Res.Poison: +       Res.Corr.  : .   (no helmet)
Res.Elec. : +       Clarity    : .   (no cloak)
Sust.Abil.: . .     Spirit.Shd : .   (no gloves)
Res.Mut.  : .       Stasis     : .   (no boots)
Res.Rott. : +       Flight     : .   (no amulet)
Saprovore : . . .                    (no ring)
                                     (no ring)

@: very slightly contaminated, slightly resistant to hostile enchantments,
fairly stealthy
A: fangs 1, talons 2, life protection 1, electricity resistance, slow metabolism
1, unbreathing, petrification resistance, AC +6
a: no special abilities


You were on level 2 of the Dungeon.
You were not hungry.

You visited 1 branch of the dungeon, and saw 2 of its levels.

You collected 19 gold pieces.

Inventory:

Hand weapons
 m - a +2,+1 whip (weapon)
Missiles
 b - 45 stones (quivered)
Armour
 c - a +0 robe (worn)
Magical devices
 k - a wand of teleportation (0)
Comestibles
 f - a honeycomb
 g - 3 chunks of hobgoblin flesh
 l - 3 chunks of hobgoblin flesh
Scrolls
 h - a scroll of amnesia {unknown}
 i - 2 scrolls of identify {unknown}
 j - 3 scrolls of remove curse {unknown}
 n - a scroll of magic mapping {unknown}
Potions
 e - 2 potions of curing {unknown}
Books
 d - a book of Geomancy

   Spells                             Type                      Level
   *Sandblast                         Earth                        1
   *Stoneskin                         Transmutation/Earth          2
   Passwall                           Transmutation/Earth          3
   Stone Arrow                        Conjuration/Earth            3
   Petrify                            Transmutation/Earth          4
   Lee's Rapid Deconstruction         Earth                        5


   Skills:
 - Level 2.0 Dodging
 - Level 2.1 Stealth
 * Level 2.6 Spellcasting
 - Level 0.7 Transmutations
 - Level 5.1 Earth Magic


You had 5 spell levels left.
You knew the following spells:

 Your Spells              Type           Power        Failure   Level  Hunger
a - Sandblast             Erth           ###...       2%          1    #......
b - Stoneskin             Trmt/Erth      ##........   10%         2    ##.....


Dungeon Overview and Level Annotations

Branches:
Dungeon (2/27)

Altars:


Innate Abilities, Weirdness & Mutations

You are resistant to torment.
You are immune to poison.
Your stone body is very resilient (AC +6).
You have very sharp teeth.
You have razor-sharp toenails.
You resist negative energy.
You are resistant to electric shocks.
You have a slow metabolism.
You can survive without breathing.
You are immune to petrification.


Message History

The blast of sand hits the jackal.
The jackal is moderately wounded.
The jackal barely misses you. The adder closely misses you.
The jackal bites you but does no damage.
Sorry, you're not good enough to have a special ability.
Casting: Sandblast
Confirm with . or Enter, or press ? or * to list all spells.
Aiming: Sandblast
Press: ? - help, Shift-Dir - straight line, f - adder, p - jackal
Aim: an adder (severely wounded)
The blast of sand hits the adder.
You kill the adder!
The goblin unwields an uncursed sling.
The goblin closely misses you. The jackal closely misses you.
The goblin shoots a stone.
The stone hits you!
* * * LOW HITPOINT WARNING * * *
Evoke which item? (* to show all) (? for menu, Esc to quit)
Zapping:
k - a wand of teleportation {zapped: 2}
Press: ? - help, Shift-Dir - straight line, f - you Nothing appears to happen.
The jackal bites you.
You die...

#
#..........#
#
##.##.######
# #.....# #
#.....# #
#.....# #
##....# #
#..g.# #
#.h.g# #
#..@?# #
#....# #
#(...# #
###### # # #


You could see a jackal and 2 goblins.

Vanquished Creatures
  Ijyb (D:2)
  3 adders (D:2)
  3 giant cockroaches
  4 goblins
  9 hobgoblins
  2 jackals (D:2)
  A ball python (D:2)
  4 bats
  2 giant newts (D:1)
  4 kobolds
  6 rats
  4 bushes (D:1)
  A plant (D:1)
44 creatures vanquished.

Notes
Turn   | Place    | Note
--------------------------------------------------------------
     0 | D:1      | Juliette, the Gargoyle Earth Elementalist, began the quest for the Orb.
     0 | D:1      | Reached XP level 1. HP: 10/10 MP: 3/3
    26 | D:1      | Upgraded the game from 0.13-a0-2505-g5f0fbe2 to 0.13-a0-2531-g2ad9301
   211 | D:1      | Reached XP level 2. HP: 15/15 MP: 2/4
  1905 | D:2      | Reached skill level 5 in Earth Magic
  1905 | D:2      | Reached XP level 3. HP: 19/19 MP: 3/5
  2011 | D:2      | Learned a level 2 spell: Stoneskin
  2037 | D:2      | Noticed Ijyb
  2072 | D:2      | Killed Ijyb
  2072 | D:2      | Reached XP level 4. HP: 10/24 MP: 4/8
  2430 | D:2      | HP: 1/24 [adder (4)]
  2440 | D:2      | Slain by a jackal

Action                   |  1- 3 |  4- 6 || total
-------------------------+-------+-------++-------
Melee: Unarmed           |    33 |       ||    33
       Short sword       |   670 |    12 ||   682
       Whip              |       |    21 ||    21
 Cast: Sandblast         |    32 |    17 ||    49
       Stoneskin         |     1 |       ||     1
